 Dungeon Crawl Stone Soup version 0.29-a0-341-g24ffce5b50 (webtiles) character file.

Game seed: 7307157595218659687

180 HendSelp the Insei (level 5, 0/38 HPs)
             Began as a Human Transmuter on Apr 20, 2022.
             Slain by an orc
             ... wielding a +0 trident
              (6 damage)
             ... on level 3 of the Dungeon.
             The game lasted 00:02:26 (2116 turns).

HendSelp the Insei (Human Transmuter)               Turns: 2116, Time: 00:02:27

Health: 0/38       AC:  2    Str: 13    XL:     5   Next: 91%
Magic:  7/9        EV: 12    Int: 13    God:
Gold:   102        SH:  0    Dex: 13    Spells: 6/9 levels left

rFire   + . .      SeeInvis .     - Unarmed
rCold   . . .      Faith    .   (no shield)
rNeg    . . .      Spirit   .   a - +0 robe
rPois   .          Reflect  .   (helmet currently unavailable)
rElec   .          Harm     .   (no cloak)
rCorr   .          Rampage  .   (no gloves)
Will    .....                   (boots currently unavailable)
Stlth   +.........              (no amulet)
HPRegen 0.12/turn               i - ring of protection from fire
MPRegen 0.11/turn               (no ring)

@: appendages, wereblooded
A: horns 2, talons 2
a: End Transformation


You were on level 3 of the Dungeon.
You had temporarily grown beastly horns and talons.
You visited 1 branch of the dungeon, and saw 3 of its levels.

You collected 102 gold pieces.

Inventory:

Armour
 a - a +0 robe (worn)
Jewellery
 i - a ring of protection from fire (left hand)
Potions
 c - a potion of flight {unknown}
 d - a potion of magic {unknown}
 e - a potion of resistance {unknown}
 g - a potion of cancellation {unknown}
 h - a potion of brilliance {unknown}
 j - 3 potions of haste {unknown}
 k - a potion of curing {unknown}


   Skills:
 * Level 2.1 Fighting
 + Level 2.5 Dodging
 * Level 4.5 Unarmed Combat
 * Level 2.9 Spellcasting
 * Level 2.7 Transmutations


You had 6 spell levels left.
You knew the following spells:

 Your Spells              Type           Power      Damage    Failure   Level
a - Beastly Appendage     Tmut           18%        N/A       8%          1
b - Wereblood             Tmut           9%         N/A       12%         2

Your spell library contained the following spells:

 Spells                   Type           Power      Damage    Failure   Level
 Spider Form              Tmut/Pois      5%         N/A       36%         3
 Ice Form                 Ice/Tmut       5%         N/A       78%         4


Dungeon Overview and Level Annotations

Branches:
Dungeon (2/15)

Altars:


Innate Abilities, Weirdness & Mutations

You have temporarily grown beastly horns and talons.


Message History

Unknown command.
Unknown command.
Casting: Beastly Appendage (safe; 8% risk of failure)
Confirm with . or Enter, or press ? or * to list all spells.
Your blood is infused with primal strength.
The orc closely misses you. The orc completely misses you.
Unknown command.
You hit the orc.
You feel a bit better.
You kill the orc!
The orc hits you from afar with a +0 trident.
Unknown command.
You closely miss the orc. You claw the orc, but do no damage.
The orc hits you from afar with a +0 trident.
The orc hits you with a +0 club.
Unknown command.
Unknown command.
The orc closely misses you. The orc hits you with a +0 club.
You hit the orc. You claw the orc. You headbutt the orc.
You feel a bit better.
You kill the orc!
The orc barely misses you.
You barely miss the orc priest. You claw the orc priest.
The orc priest is lightly wounded.
You howl as the wereblood boils in your veins!
The orc barely misses you.
The orc priest hits you with a +0 short sword.
You hit the orc priest. You claw the orc priest.
You headbutt the orc priest, but do no damage.
The orc priest is moderately wounded.
The orc barely misses you. The orc priest completely misses you.
Something unseen opens the door.
You hit the orc priest. Your kick misses the orc priest.
The orc priest is heavily wounded.
The orc hits you from afar with a +0 trident.
* * * LOW HITPOINT WARNING * * *
The orc priest hits you with a +0 short sword!
* * * LOW HITPOINT WARNING * * *
You hit the orc priest. You claw the orc priest.
You feel a bit better.
You kill the orc priest!
The orc hits you from afar with a +0 trident.
You die...

P≈≈. P≈≈≈.≈≈ . #
≈P≈≈≈.≈≈≈♣♣♣ ..
'♣♣♣PP≈≈.≈≈≈≈≈≈≈ ...#
#.♣♣≈≈≈≈.≈≈≈≈≈≈♣ . .....
#..≈♣≈≈≈.≈≈≈≈≈≈♣♣.
#...#@..≈≈≈≈.≈≈P≈≈≈P≈♣
+..o)....♣≈P.≈≈≈≈≈≈≈♣.
#.........♣≈.♣PP≈≈≈♣ .
..........$.....≈♣♣≈♣#..
..........###+..##)†.#..
.................).†....
.................))†....
........................
........................


You could see an orc.

Vanquished Creatures
  2 orc priests (D:3)
  3 orc wizards
  A dart slug (D:2)
  8 orcs
  4 bats
  3 endoplasms (D:1)
  9 giant cockroaches
  4 goblins
  5 hobgoblins
  5 jackals
  A quokka (D:2)
  9 ball pythons
  A frilled lizard (D:1)
  A kobold (D:1)
  4 rats (D:1)
  A spectral hobgoblin (D:2)
61 creatures vanquished.

Notes
Turn   | Place    | Note
-------+----------+-------------------------------------------
     0 | D:1      | HendSelp the Human Transmuter began the quest for the Orb.
     0 | D:1      | Reached XP level 1. HP: 15/15 MP: 3/3
   175 | D:1      | Reached XP level 2. HP: 20/21 MP: 5/5
   749 | D:1      | Reached XP level 3. HP: 18/26 MP: 4/6
  1222 | D:2      | Reached XP level 4. HP: 19/32 MP: 5/7
  1237 | D:1      | Learned a level 2 spell: Wereblood
  1372 | D:2      | Reached skill level 4 in Unarmed Combat
  1873 | D:2      | Found a faded altar of an unknown god.
  1892 | D:2      | Reached XP level 5. HP: 20/36 MP: 7/9
  2042 | D:2      | You fall into a shaft and drop 1 floor!
  2116 | D:3      | Slain by an orc

Illustrated notes

Levels and vault maps discovered:
D:1:      minmay_arrival_four_loops, layout_rooms
D:2:      layout_loops_ring, dreamdust_ecumenical_altar_drowned_temple,
          minmay_crystal_room
D:3:      minmay_roachtagon, layout_basic, bloody_makhleb, serial_shops,
          nicolae_shop_behind_doors, serial_bayou_lagoon_b

Skill      XL: |  1  2  3  4  5 |
---------------+----------------+-----
Unarmed Combat | 4 |  4.5
Fighting       | 2 |  2.1
Dodging        | |  2.5
Spellcasting   | |  2.9
Transmutations | |  2.7

Action                   |  1- 3 |  4- 6 || total
-------------------------+-------+-------++-------
Melee: Unarmed           |    64 |    85 ||   149
       Kick              |    10 |     6 ||    16
       Punch             |     1 |     3 ||     4
       Headbutt          |     2 |     6 ||     8
 Cast: Beastly Appendage |    12 |     7 ||    19
       Wereblood         |       |     4 ||     4
  Use: Scroll            |     2 |       ||     2
       Potion            |       |     1 ||     1
 Stab: Sleeping          |     2 |       ||     2
Armor: Robe              |     4 |     7 ||    11
       Skin              |       |   123 ||   123
Dodge: Dodged            |    47 |    58 ||   105

Table legend: (Time is in decaauts)
 A = Elapsed time spent in this place.
 B = Non-inter-level travel time spent in this place.
 C = Inter-level travel time spent in this place.
 D = Time resting spent in this place.
 E = Time spent auto-exploring this place.
 F = Levels seen in this place.
 G = Mean time per level.
                   A        B        C        D        E       F      G
               +--------+--------+--------+--------+--------+-----+--------+
         Total |   2108 |   2098 |     10 |    118 |   1669 |   3 |  702.7 |
       Dungeon |   2108 |   2098 |     10 |    118 |   1669 |   3 |  702.7 |
               +--------+--------+--------+--------+--------+-----+--------+

Top non-repeatable levels by time:
     D:1: 1324 daAuts
     D:2: 712 daAuts
     D:3: 71 daAuts
